 Dungeon Crawl Stone Soup version 0.23.2-1-ga50397a6bc (webtiles) character file.

Game seed: 4774753387988188744

101522 Amplified the Proselytiser (level 16, -15/159 HPs)
             Began as a Hill Orc Gladiator on Apr 26, 2019.
             Was a Follower of Beogh.
             Killed from afar by Roxanne (64 damage)
             ... with a crystal spear
             ... on level 2 of the Elven Halls on Apr 27, 2019.
             The game lasted 00:49:17 (26858 turns).

Amplified the Proselytiser (Hill Orc Gladiator)    Turns: 26858, Time: 00:49:18

Health: -15/159    AC: 23    Str: 22    XL:     16   Next: 30%
Magic:  24/29      EV: 15    Int: 11    God:    Beogh [*.....]
Gold:   384        SH: 14    Dex: 12    Spells: 15/15 levels left

rFire    + . .     SeeInvis .   x - +0 broad axe (freeze)
rCold    + . .     Gourm    .   Q - +2 shield
rNeg     + + .     Faith    .   F - +2 chain mail of Grot {*Slow +Fly MR+++ Int+3}
rPois    +         Spirit   .   E - +1 helmet {Int+3}
rElec    .         Reflect  .   K - +1 cloak
rCorr    .         Harm     .   z - +2 pair of gloves of the Mantidfly {rPois}
MR       ++++.                  P - +5 pair of boots "Qyhuseyn" {Dex+2 Slay+2}
Stlth    ..........             a - amulet of the acrobat
HPRegen  0.36/turn              R - +5 ring of evasion
MPRegen  0.21/turn              B - ring of Zetsahot {rF+ rC+ rN++ EV+2 Int-5}

@: very slightly contaminated
A: clumsy 1, deformed body, MP-powered wands
a: Renounce Religion, Evoke Flight


You were on level 2 of the Elven Halls.
You worshipped Beogh.
Beogh was aware of your devotion.
You were very hungry.

You visited 4 branches of the dungeon, and saw 25 of its levels.
You visited the Abyss 1 time.
You also visited: Gauntlet.

You collected 2328 gold pieces.
You spent 1944 gold pieces at shops.

Inventory:

Hand Weapons
 c - a +2 vampiric lajatang
 r - a +2 war axe of freezing
 x - a +0 broad axe of freezing (weapon)
 I - a +1 hand axe of flaming
Armour
 z - the +2 pair of gloves of the Mantidfly (worn) {rPois}
   (You found it in a Gauntlet)

   It protects you from poison.
 C - the +5 ring mail of Ykoyphi {Str+5 Stlth+}
   (You bought it in a shop on level 2 of the Orcish Mines)

   It affects your strength (+5).
   It makes you more stealthy.
 E - a +1 helmet of intelligence (worn)
 F - the +2 chain mail of Grot (worn) {*Slow +Fly MR+++ Int+3}
   (You found it in a Gauntlet)

   It affects your intelligence (+3).
   It affects your resistance to hostile enchantments.
   It lets you fly.
   It may slow you when you take damage.
 K - a +1 cloak (worn)
 P - the +5 pair of boots "Qyhuseyn" (worn) {Dex+2 Slay+2}
   (You bought it in a shop on level 2 of the Orcish Mines)

   It affects your dexterity (+2).
   It affects your accuracy and damage with ranged weapons and melee attacks
   (+2).
 Q - a +2 shield (worn)
Jewellery
 a - an amulet of the acrobat (around neck)
 g - an uncursed ring of ice
 o - an uncursed ring of protection from fire
 w - an uncursed ring of stealth
 B - the ring of Zetsahot (right hand) {rF+ rC+ rN++ EV+2 Int-5}
   (You found it in a Gauntlet)

   [ring of evasion]

   It affects your evasion (+2).
   It affects your intelligence (-5).
   It protects you from fire.
   It protects you from cold.
   It greatly protects you from negative energy.
 R - a +5 ring of evasion (left hand)
Wands
 e - a wand of random effects (11)
 j - a wand of iceblast (12)
 k - a wand of polymorph (10)
 n - a wand of digging (2)
 u - a wand of paralysis (13)
 A - a wand of scattershot (3)
 L - a wand of flame (20)
 S - a wand of disintegration (30)
Scrolls
 d - a scroll of brand weapon
 i - 2 scrolls of immolation
 l - 7 scrolls of fog
 p - 2 scrolls of amnesia
 s - a scroll of fear
 t - 7 scrolls of remove curse
 v - 4 scrolls of magic mapping
 O - 4 scrolls of identify
Potions
 h - a potion of magic
 m - 7 potions of flight
 D - a potion of cancellation
 N - 2 potions of brilliance
Comestibles
 f - 20 rations


   Skills:
 * Level 18.7 Fighting
 - Level 16.0 Axes
 - Level 1.7 Throwing
 - Level 8.9 Armour
 - Level 2.4 Dodging
 * Level 9.8 Shields
 * Level 19.1 Invocations


You had 15 spell levels left.
You didn't know any spells.
Your spell library contained the following spells:

 Spells                   Type           Power        Failure   Level  Hunger
 Animate Skeleton         Necr           N/A          99%         1    ##.....
 Beastly Appendage        Tmut           #.....       99%         1    ##.....
 Pain                     Necr           #...         99%         1    ##.....
 Sticks to Snakes         Tmut           #.......     100%        2    ###....
 Sublimation of Blood     Necr           #.........   100%        2    ###....
 Ignite Poison            Fire/Tmut/Pois #.......     100%        3    ####...
 Regeneration             Chrm/Necr      #.........   100%        3    ####...
 Spider Form              Tmut/Pois      #.........   100%        3    ####...
 Vampiric Draining        Necr           #.........   100%        3    ####...
 Animate Dead             Necr           N/A          100%        4    #####..
 Ice Form                 Ice/Tmut       #.......     100%        4    #####..
 Petrify                  Tmut/Erth      #.......     100%        4    #####..
 Alistair's Intoxication  Tmut/Pois      #.......     100%        5    ######.
 Blade Hands              Tmut           #.........   100%        5    ######.
 Irradiate                Conj/Tmut      #.........   100%        5    ######.


Dungeon Overview and Level Annotations

Branches:
Dungeon (15/15)            Temple (0/1) D:7            Lair (6/6) D:11
 Shoals (0/4) Lair:2        Snake (0/4) Lair:3        Slime (0/5) Lair:5
    Orc (2/2) D:9             Elf (2/3) Orc:2        Vaults (0/5) D:13
 Depths (0/5) D:15

Altars:
Dithmenos
Ru
Uskayaw
Vehumet
Jiyva

Shops:
Orc:2 ==!?[

Annotations:
D:6 Blork the orc
Lair:3 exclusion: 2 oklob plants
Lair:4 2 transporters, voshxz's ghost, journeyman DDBe
Elf:2 exclusion: Roxanne, Asterion; Roxanne


Innate Abilities, Weirdness & Mutations

You are clumsy. (Dex -2)
Armour fits poorly on your strangely shaped body.
You expend magic power (3 MP) to strengthen your wands.


Message History

An earth elemental comes into view.
Found a scroll of blinking and a long sword.
Marking area around Roxanne as unsafe for travelling.
Roxanne, Geomancer Emeritus comes into view.
Found a pair of boots, 2 potions of lignification and 20 gold pieces.
Found a stone staircase leading down.
Unknown command.
You see here a pair of boots.
A fire elemental comes into view.
A deep elf archer opens the door.
The deep elf archer shouts!
You hear a shout!
The deep elf archer unwields a +0 short sword.
The deep elf archer wields a +0 longbow.
The deep elf archer shoots an arrow.
The arrow completely misses you. Something hits you but does no damage.
There is a stone staircase leading down here.
You block something's attack.
Roxanne casts a spell.
The crystal spear hits you!!!
You die...

....# ...e# ####
.#.e# #..### ....#
##...$### ...e#
#.!(....### ..(.#
#.8.......### .#.(#
#...........# ....#
###......☼.#** ....#
##.#[..@E○+** .#(.#
##.#......##,**
(..##
##.###^?##'#**,**
.### ##.## ##.#*e#
**,** ..## ##.##
##.#.# **,****
.#.###.## #E.#
**+*,** .##.#e## #)#
**,,,** .###.##
******..#****,,,,,**
.# ##.#
*,,,,,,#.,,,,,,8,,,*


You could see Roxanne, a deep elf archer and a fire elemental.

Vanquished Creatures
  Jorgrun (D:12)
  Agnes (D:14)
  A tentacled starspawn (Abyss:3)
  Louise (D:14)
  A very ugly thing (Abyss:3)
  A minotaur (Gauntlet)
  A purple draconian (Abyss:3)
  Azrael (D:14)
  A green death (Abyss:3)
  Josephine (D:12)
  A fire dragon (Lair:6)
  3 hydras
  2 centaur warriors
  A dancing weapon (Elf:2)
  A satyr (shapeshifter) (D:14)
  3 two-headed ogres
  An orc high priest (Orc:2)
  4 thrashing horrors (Abyss:3)
  A deep elf knight (Elf:1)
  2 wretched stars (Abyss:3)
  A fire crab (shapeshifter) (D:15)
  An unseen horror (shapeshifter) (Gauntlet)
  4 skeletal warriors (D:15)
  An unseen horror (D:14)
  2 wizards (Gauntlet)
  A glowing orange brain (D:15)
  A lindwurm (Lair:6)
  3 orc sorcerers (Orc:2)
  2 cyclopes
  17 deep elf magi
  An orc knight (Orc:2)
  A wolf spider (shapeshifter) (Gauntlet)
  2 manticores (D:15)
  A salamander (shapeshifter) (D:15)
  8 ugly things
  12 elephants (Lair:5)
  2 guardian serpents (Abyss:3)
  2 centaur zombies
  9 spiny frogs
  3 molten gargoyles (Lair:6)
  2 gargoyles
  3 black mambas
  A smoke demon (Abyss:3)
  2 rime drakes (Lair:3)
  A minotaur zombie (Gauntlet)
  A yaktaur (shapeshifter) (D:15)
  9 komodo dragons
  An ancient zyme (Abyss:3)
  4 trolls
  Grinder (D:6)
  A hornet (D:8)
  21 blink frogs
  14 slime creatures
  15 hippogriffs
  3 small abominations (Abyss:3)
  6 shadows
  3 vampires
  7 wraiths
  5 basilisks
  15 yaks
  A water elemental (D:15)
  4 wyverns
  3 fire elementals
  2 steam dragons (Lair:6)
  4 vampire mosquitoes (D:11)
  Edmund (D:6)
  7 wargs
  2 soldier ants
  6 insubstantial wisps (Abyss:3)
  An acid dragon (D:14)
  6 water moccasins
  2 large abominations (Abyss:3)
  4 hell hounds
  11 porcupines
  17 orc warriors
  A hornet zombie (D:10)
  3 ice beasts
  An eye of draining (shapeshifter) (D:15)
  3 black bears
  3 ogres
  A sky beast (D:11)
  3 phantoms
  A necrophage (D:11)
  15 wolves
  7 centaurs
  An eye of draining (D:10)
  9 crocodiles
  11 bullfrogs
  A gnoll sergeant (D:10)
  3 scorpions
  12 killer bees
  12 wights
  An electric eel (Lair:5)
  A lava snake (Lair:6)
  4 howler monkeys
  8 crimson imps
  A quasit (D:3)
  A bullfrog zombie (D:6)
  13 orc priests
  A jelly (D:11)
  3 bullfrog skeletons
  10 hounds
  13 orc wizards
  4 iguanas
  Terence (D:3)
  11 worker ants
  Natasha (thrice) (D:2)
  A killer bee zombie (D:5)
  A hound skeleton (D:7)
  A howler monkey zombie (D:10)
  6 adders
  3 gnolls (D:10)
  5 shadow imps
  A white imp (Gauntlet)
  4 oozes
  2 worms (D:2)
  A dart slug (D:3)
  3 leopard geckos
  41 orcs
  6 bats
  4 giant cockroaches
  11 goblins
  11 hobgoblins
  6 jackals
  7 quokkas
  4 frilled lizards
  4 kobolds
  3 leopard gecko skeletons
  7 rats
  A plant (Lair:4)
584 creatures vanquished.

Vanquished Creatures (collateral kills)
  Frances (D:12)
  An orc warlord (Orc:2)
  An ettin (Orc:1)
  A yaktaur captain (D:13)
  3 hydras
  A centaur warrior (D:13)
  An orc high priest (Orc:2)
  Urug (D:12)
  An unseen horror (D:13)
  An orc knight (Orc:2)
  An orc sorcerer (Orc:2)
  2 deep elf magi (Orc:1)
  A manticore (D:12)
  3 black mambas
  2 centaur zombies
  A minotaur zombie (Gauntlet)
  2 yaktaurs (D:13)
  A freezing wraith (D:13)
  A komodo dragon (Lair:6)
  A troll (Orc:2)
  3 slime creatures (D:12)
  A hippogriff (Lair:6)
  A blink frog (Lair:6)
  A wraith (D:13)
  A wyvern (Lair:6)
  3 basilisks
  A steam dragon (Lair:6)
  A hungry ghost (D:13)
  3 hell hounds (Lair:6)
  7 orc warriors
  A wolf (Lair:6)
  A bullfrog (D:12)
  4 killer bees
  3 lava snakes (Lair:6)
  A bullfrog zombie (D:13)
  A jelly (D:13)
  2 orc priests (Orc:2)
  2 orc wizards (Orc:2)
  2 shadow imps (D:12)
  12 orcs
78 creatures vanquished.

Vanquished Creatures (others)
  2 orc high priests
  A deep elf knight (Elf:2)
  3 orc knights (Orc:2)
  A deep elf mage (Orc:1)
  2 golden eyes (Abyss:3)
  6 orc warriors
  A small abomination (Abyss:3)
  A jelly (D:8)
  3 orc wizards
  5 orc priests
  19 orcs
  A bush (Lair:5)
  7 fungi
  4 plants
  2 starspawn tentacles (Abyss:3)
  5 toadstools (D:1)
  A withered plant (Gauntlet)
64 creatures vanquished.

Grand Total: 726 creatures vanquished

Notes
Turn   | Place    | Note
-------+----------+-------------------------------------------
     0 | D:1      | Amplified the Hill Orc Gladiator began the quest for the
                  | Orb.
     0 | D:1      | Reached XP level 1. HP: 18/18 MP: 1/1
   149 | D:1      | Reached XP level 2. HP: 24/25 MP: 2/2
   437 | D:1      | Reached XP level 3. HP: 29/31 MP: 3/3
   669 | D:2      | Reached skill level 5 in Axes
   712 | D:2      | Noticed Natasha
   717 | D:2      | Killed Natasha
   717 | D:2      | Reached XP level 4. HP: 18/40 MP: 4/4
  1111 | D:2      | Noticed Natasha
  1122 | D:2      | Killed Natasha
  1184 | D:2      | Noticed Natasha
  1201 | D:2      | Killed Natasha
  1201 | D:2      | Reached XP level 5. HP: 14/47 MP: 5/5
  1482 | D:3      | Noticed Terence
  1512 | D:3      | Killed Terence
  1512 | D:3      | Reached skill level 5 in Fighting
  1947 | D:3      | Reached XP level 6. HP: 47/56 MP: 6/6
  2416 | D:5      | Entered Level 5 of the Dungeon
  2879 | D:5      | Noticed an ice beast
  2898 | D:5      | Killed an ice beast
  2898 | D:5      | Reached XP level 7. HP: 35/64 MP: 7/7
  3151 | D:6      | Noticed Grinder
  3153 | D:6      | Paralysed by Grinder for 7 turns
  3172 | D:6      | Paralysed by something for 2 turns
  3188 | D:6      | Paralysed by Grinder for 5 turns
  3193 | D:6      | Found a hide-covered altar of Uskayaw.
  3493 | D:6      | Became a worshipper of Beogh the Brigand
  3642 | D:6      | Noticed Blork the orc
  3664 | D:7      | Noticed a wraith
  3688 | D:8      | Reached skill level 1 in Invocations
  3703 | D:7      | Reached skill level 2 in Invocations
  3802 | D:7      | Found a staircase to the Ecumenical Temple.
  3828 | D:7      | Reached XP level 8. HP: 56/73 MP: 8/10
  3833 | D:7      | Reached skill level 3 in Invocations
  4136 | D:6      | Reached skill level 4 in Invocations
  4177 | D:6      | Found a sacrificial altar of Ru.
  4246 | D:6      | Killed Grinder
  4364 | D:6      | Noticed Edmund
  4396 | D:6      | Killed Edmund
  4396 | D:6      | Reached skill level 5 in Invocations
  4740 | D:5      | Reached skill level 10 in Axes
  5053 | D:4      | Reached XP level 9. HP: 82/82 MP: 13/13
  5080 | D:4      | Reached skill level 6 in Invocations
  5083 | D:4      | Reached * piety under Beogh
  6054 | D:7      | Gained mutation: Scrolls take you a little longer to read.
                  | [potion of mutation]
  6054 | D:7      | Gained mutation: Your flesh is cold resistant. (rC+)
                  | [potion of mutation]
  6254 | D:7      | Reached skill level 7 in Invocations
  6525 | D:8      | Noticed a hornet
  6531 | D:8      | Killed a hornet
  6543 | D:8      | Reached skill level 10 in Fighting
  6552 | D:8      | Reached skill level 8 in Invocations
  6553 | D:8      | Reached ** piety under Beogh
  6811 | D:8      | Noticed a two-headed ogre
  7251 | D:9      | Found a staircase to the Orcish Mines.
  7366 | D:9      | Reached XP level 10. HP: 94/94 MP: 16/16
  7505 | D:9      | Noticed a two-headed ogre
  7510 | D:9      | Killed a two-headed ogre
  7510 | D:9      | Reached skill level 9 in Invocations
  7755 | D:10     | Entered Level 10 of the Dungeon
  7876 | D:10     | Found a shadowy altar of Dithmenos.
  8219 | D:10     | Reached skill level 10 in Invocations
  8239 | D:10     | Reached *** piety under Beogh
  9173 | D:11     | Reached XP level 11. HP: 95/104 MP: 19/19
  9261 | D:11     | Reached skill level 11 in Invocations
 10006 | D:11     | Noticed a green ugly thing
 10014 | D:11     | Killed a green ugly thing
 10520 | D:11     | Found a staircase to the Lair.
 10647 | D:12     | Found a gate leading to a gauntlet.
 10656 | Gauntlet | Entered a Gauntlet
 10656 | Gauntlet | Found a transporter.
 10656 | Gauntlet | Found a transporter.
 10656 | Gauntlet | Found a runed translucent gate.
 10656 | Gauntlet | Found a runed translucent gate.
 10656 | Gauntlet | Found a runed translucent gate.
 10664 | Gauntlet | Found a transporter.
 10668 | Gauntlet | Found a transporter.
 10677 | Gauntlet | Found a transporter.
 10680 | Gauntlet | Found a transporter.
 10682 | Gauntlet | Noticed a wizard
 10682 | Gauntlet | Noticed a wizard
 10684 | Gauntlet | Found a runed translucent door.
 10686 | Gauntlet | Found a runed translucent door.
 10688 | Gauntlet | Found a transporter.
 10701 | Gauntlet | Noticed a cyan ugly thing
 10704 | Gauntlet | Found a transporter.
 10704 | Gauntlet | Noticed a great orb of eyes
 10705 | Gauntlet | Noticed a red ugly thing
 10718 | Gauntlet | Found a transporter.
 10722 | Gauntlet | Found a transporter.
 10730 | Gauntlet | Found a transporter.
 10734 | Gauntlet | Found a transporter.
 10790 | Gauntlet | Got a pair of spiked gloves
 10848 | Gauntlet | Identified the +2 pair of gloves of the Mantidfly {rPois}
                  | (You found it in a Gauntlet)
 10857 | Gauntlet | Noticed a wolf spider
 10860 | Gauntlet | Noticed a death ooze
 10888 | Gauntlet | Killed a wolf spider
 10904 | Gauntlet | Killed an unseen horror
 11140 | Gauntlet | Killed a wizard
 11140 | Gauntlet | Reached skill level 12 in Invocations
 11146 | Gauntlet | Killed a wizard
 11155 | Gauntlet | Got a wavering iron ring
 11156 | Gauntlet | Identified the ring of Zetsahot {rF+ rC+ rN++ EV+2 Int-5}
                  | (You found it in a Gauntlet)
 11282 | Gauntlet | Noticed a minotaur
 11286 | Gauntlet | Killed a minotaur
 11292 | Gauntlet | Got a polished chain mail
 11546 | Gauntlet | Identified the +2 chain mail of Grot {*Slow +Fly MR+++
                  | Int+3} (You found it in a Gauntlet)
 11810 | D:12     | Noticed Josephine
 11827 | D:12     | Killed Josephine
 11827 | D:12     | Reached XP level 12. HP: 71/115 MP: 18/21
 12378 | D:12     | Reached skill level 13 in Invocations
 12404 | Lair:1   | Entered Level 1 of the Lair of Beasts
 12710 | Lair:1   | Reached skill level 15 in Axes
 14038 | Lair:2   | Found a staircase to the Shoals.
 14099 | Lair:2   | Noticed a four-headed hydra
 14279 | Orc:1    | Entered Level 1 of the Orcish Mines
 14279 | Orc:1    | Noticed an ettin
 14514 | Lair:2   | Reached skill level 1 in Armour
 15211 | Lair:3   | Found a radiant altar of Vehumet.
 15352 | Lair:3   | Found a staircase to the Snake Pit.
 15913 | Lair:4   | Noticed a seven-headed hydra
 15930 | Lair:4   | Killed a one-headed hydra
 15930 | Lair:4   | Reached skill level 14 in Invocations
 15930 | Lair:4   | Reached XP level 13. HP: 77/125 MP: 23/23
 16121 | Lair:4   | Found a hide-covered altar of Uskayaw.
 16362 | Lair:4   | Got a scorched ring mail
 16373 | Lair:4   | Identified the cursed +0 ring mail of Quantum Leap {Int+2}
                  | (You found it on level 4 of the Lair of Beasts)
 16382 | Lair:4   | Found a transporter.
 16403 | Lair:4   | Noticed voshxz's ghost (journeyman DDBe)
 16476 | Lair:4   | Reached skill level 5 in Armour
 16781 | Lair:4   | Found a transporter.
 17364 | Lair:5   | Found a staircase to the Slime Pits.
 17368 | Lair:5   | Found a viscous altar of Jiyva.
 17563 | Lair:5   | Reached skill level 15 in Fighting
 17655 | Lair:5   | Reached skill level 15 in Invocations
 17765 | Lair:5   | Reached **** piety under Beogh
 17780 | Lair:5   | Gained Bogwald as an ally
 18053 | Lair:6   | Entered Level 6 of the Lair of Beasts
 18509 | Lair:6   | Reached XP level 14. HP: 73/136 MP: 25/25
 18868 | Lair:6   | Found a large runed translucent door.
 18869 | Lair:6   | Found a large runed translucent door.
 19211 | Lair:6   | Reached skill level 16 in Invocations
 20266 | Orc:2    | Entered Level 2 of the Orcish Mines
 20266 | Orc:2    | Found a staircase to the Elven Halls.
 20275 | Orc:2    | Found Utokhluq's Antique Armour Shop.
 20301 | Orc:2    | Bought a polished ring mail for 288 gold pieces
 20301 | Orc:2    | Bought a pair of ancient boots for 304 gold pieces
 20301 | Orc:2    | Bought a shiny shield for 240 gold pieces
 20303 | Orc:2    | Identified the +5 ring mail of Ykoyphi {Str+5 Stlth+} (You
                  | bought it in a shop on level 2 of the Orcish Mines)
 20305 | Orc:2    | Identified the +5 pair of boots "Qyhuseyn" {Dex+2 Slay+2}
                  | (You bought it in a shop on level 2 of the Orcish Mines)
 20351 | Orc:2    | Noticed an orc warlord
 20355 | Orc:2    | Reached skill level 1 in Shields
 20360 | Orc:2    | Killed an orc warlord
 21229 | Orc:2    | Found Lobruy's Jewellery Shoppe.
 21229 | Orc:2    | Found Pueh's Jewellery Shop.
 21232 | Orc:2    | Found Muqezxon's Distillery.
 21232 | Orc:2    | Found Icuphuf's Magic Scroll Shoppe.
 21240 | Orc:2    | Bought a potion of mutation for 96 gold pieces
 21240 | Orc:2    | Bought a potion of heal wounds for 60 gold pieces
 21240 | Orc:2    | Bought a potion of curing for 36 gold pieces
 21240 | Orc:2    | Bought a potion of curing for 36 gold pieces
 21240 | Orc:2    | Bought a potion of agility for 48 gold pieces
 21240 | Orc:2    | Bought a potion of agility for 48 gold pieces
 21240 | Orc:2    | Lost mutation: Scrolls take you a little longer to read.
                  | [potion of mutation]
 21240 | Orc:2    | Lost mutation: Your flesh is cold resistant. (rC+) [potion
                  | of mutation]
 21240 | Orc:2    | Gained mutation: Armour fits poorly on your strangely
                  | shaped body. [potion of mutation]
 21240 | Orc:2    | Gained mutation: You are clumsy. (Dex -2) [potion of
                  | mutation]
 21240 | Orc:2    | Gained mutation: You expend magic power (3 MP) to
                  | strengthen your wands. [potion of mutation]
 21248 | Orc:2    | Bought an uncursed amulet of the acrobat for 420 gold
                  | pieces
 21527 | Orc:2    | Bought a scroll of brand weapon for 320 gold pieces
 21527 | Orc:2    | Bought a scroll of teleportation for 48 gold pieces
 21676 | D:12     | Noticed Frances
 21688 | D:12     | Killed Frances
 21711 | D:12     | Noticed Jorgrun
 21716 | D:12     | Killed Jorgrun
 21716 | D:12     | Reached skill level 17 in Invocations
 21853 | D:12     | Noticed Urug
 21860 | D:12     | Killed Urug
 22310 | D:13     | Reached skill level 5 in Shields
 22471 | D:13     | Reached XP level 15. HP: 91/147 MP: 27/27
 22721 | D:13     | Found a gate to the Vaults.
 23493 | D:14     | Noticed Agnes
 23501 | D:14     | Killed Agnes
 23621 | D:14     | Noticed Louise
 23629 | D:14     | Cast into level 3 of the Abyss (Louise)
 23802 | Abyss:3  | Reached skill level 18 in Invocations
 23823 | Abyss:3  | Noticed a bone dragon
 23869 | Abyss:3  | Noticed a bone dragon
 24387 | Abyss:3  | Noticed a tentacled starspawn
 24407 | Abyss:3  | Killed a tentacled starspawn
 24521 | D:14     | Escaped the Abyss
 24524 | D:14     | Killed Louise
 24714 | D:14     | Noticed Azrael
 24724 | D:14     | Killed Azrael
 24845 | D:15     | Entered Level 15 of the Dungeon
 25342 | D:15     | Reached XP level 16. HP: 146/159 MP: 22/29
 25489 | D:15     | Found a staircase to the Depths.
 25838 | D:15     | Reached skill level 19 in Invocations
 26183 | Elf:1    | Entered Level 1 of the Elven Halls
 26775 | Elf:2    | Noticed Asterion
 26817 | Elf:2    | Found a runed translucent gate.
 26817 | Elf:2    | Found a runed translucent gate.
 26818 | Elf:2    | Found a runed translucent gate.
 26853 | Elf:2    | Noticed Roxanne
 26858 | Elf:2    | Killed from afar by Roxanne

Skill      XL: |  1  2  3  4  5  6  7  8  9 10 11 12 13 14 15 16 |
---------------+-------------------------------------------------+-----
Fighting       | 3 4 5 6 7 8 10 11 13 14 15 17 18 | 18.7
Axes           | 5 6 7 8 10 11 13 14 16 | 16.0
Invocations    | 2 5 8 10 12 14 15 17 18 19 | 19.1
Armour         | 4 8 |  8.9
Shields        | 5 8 9 |  9.8
Throwing       | |  1.7
Dodging        | |  2.4

Action                   |  1- 3 |  4- 6 |  7- 9 | 10-12 | 13-15 | 16-18 || total
-------------------------+-------+-------+-------+-------+-------+-------++-------
Melee: War axe           |    89 |   280 |   335 |   467 |   467 |       ||  1638
       Broad axe         |       |       |       |   132 |   457 |   107 ||   696
       Hand axe          |       |       |       |    10 |    29 |     5 ||    44
Throw: Throwing net      |     1 |    12 |       |       |       |       ||    13
Invok: Convert to Beogh  |       |       |     1 |       |       |       ||     1
       Smiting           |       |       |       |    19 |    65 |    10 ||    94
Evoke: Wand              |       |     8 |     9 |    15 |     3 |     3 ||    38
  Use: Scroll            |     3 |     9 |     8 |    10 |    17 |     6 ||    53
       Potion            |     1 |     5 |     7 |    10 |    16 |     3 ||    42
 Stab: Sleeping          |       |     1 |       |       |     1 |     1 ||     3
       Held in net/web   |       |     1 |       |       |       |       ||     1
       Invisible         |       |       |     2 |       |    10 |       ||    12
       Confused          |       |       |       |       |     2 |       ||     2
       Distracted        |       |       |       |       |     3 |     1 ||     4
  Eat: Chunk             |       |     7 |     1 |    14 |    15 |     2 ||    39
       Ration            |       |       |     4 |     4 |     5 |       ||    13
Armor: Leather armour    |    32 |   124 |       |       |       |       ||   156
       Ring mail         |       |    49 |   109 |       |   313 |    20 ||   491
       Skin              |       |     2 |       |       |       |       ||     2
       Chain mail        |       |       |    40 |   347 |     9 |    29 ||   425
Dodge: Dodged            |    58 |   240 |   185 |   257 |   519 |    92 ||  1351
Block: Shield            |       |       |       |       |   299 |   107 ||   406
